AoeStats
← eric_the_red121

Baltic

510813746Analyzed
4v4 RM · 13h ago on Oct 2, 2026· 70m 45s· 8 players
Game mode
Random Map
Map size
Large (8 player)
Population
200
Speed
Normal
Resources
Standard
Victory
Conquest
Starting age
Dark Age
Ending age
Imperial Age
RankedLock teamsTeams togetherTeam positionsShared explorationLock speedFull tech treeHidden civsTurbo modeCheats
Victory
Defeat
🇪🇪 Franks · Estonia
944
+15
🇨🇴 Slavs · Colombia
933
+15
🇲🇽 Jurchens · Mexico
930
+15
🇵🇰 Hindustanis · Pakistan
917
+16
🇷🇺 Byzantines · Russia
971
-17
🇺🇸 Vikings · United States
946
-17
🇫🇷 Chinese · France
899
-15
🇨🇳 Turks · China
846
-12
NWGHOST7888
1:18 Loom
10:54 Feudal Age
12:57 Forging
13:08 Horse Collar
13:57 Bloodlines
14:19 Scale Barding Armor
26:14 Castle Age
24:18 Double-Bit Axe
25:18 Stone Mining
25:40 Gold Mining
27:13 Bow Saw
33:14 Gold Shaft Mining
32:44 Heavy Plow
34:24 Wheelbarrow
35:36 Hand Cart
39:40 Chain Barding Armor
39:56 Iron Casting
39:23 Husbandry
44:04 Imperial Age
43:21 Scale Mail Armor
43:12 Fletching
43:23 Padded Archer Armor
46:42 Blast Furnace
46:25 Plate Barding Armor
46:56 Two-Man Saw
46:31 Crop Rotation
47:06 Town Watch
47:40 Elite Iron Pagoda
48:42 Conscription
48:52 Bodkin Arrow
49:42 Bracer
51:09 Thunderclap Bombs
51:00 Fortified Bastions
55:56 Ballistics
56:37 Chemistry
55:44 Siege Engineers
55:51 Masonry
55:27 Arrowslits
55:53 Fortified Wall
55:24 Treadmill Crane
55:40 Murder Holes
56:25 Hoardings
64:23 Stone Shaft Mining
64:11 Chain Mail Armor
64:12 Leather Archer Armor
63:26 Elite Steppe Lancer
jairak92
8:56 Loom
13:10 Feudal Age
13:36 Horse Collar
13:49 Gold Mining
13:47 Double-Bit Axe
22:22 Castle Age
22:31 Forging
22:22 Scale Mail Armor
23:11 Pikeman
23:52 Squires
25:45 Wheelbarrow
27:23 Iron Casting
27:24 Stone Mining
29:02 Chain Mail Armor
31:56 Hand Cart
31:08 Man-at-Arms
32:57 Heavy Plow
32:41 Long Swordsman
40:23 Imperial Age
40:37 Gold Shaft Mining
40:23 Bow Saw
40:30 Capped Ram
40:32 Two-Handed Swordsman
40:33 Halberdier
42:16 Blast Furnace
41:46 Plate Mail Armor
41:44 Heavy Scorpion
43:02 Siege Ram
44:38 Caravan
45:58 Two-Man Saw
46:27 Onager
48:49 Conscription
48:52 Elite Boyar
51:50 Bloodlines
51:41 Husbandry
53:54 Scale Barding Armor
57:19 Chain Barding Armor
59:05 Crop Rotation
58:33 Light Cavalry
62:21 Plate Barding Armor
63:28 Hussar
rondelok
5:23 Loom
11:36 Feudal Age
13:18 Double-Bit Axe
15:48 Castle Age
16:51 Bow Saw
17:34 Gold Mining
23:19 Wheelbarrow
24:28 Scale Barding Armor
26:41 Hand Cart
28:22 Stone Mining
33:23 Imperial Age
31:40 Husbandry
32:35 Ballistics
33:38 Town Watch
34:08 Fortified Wall
34:09 Masonry
33:57 Cavalier
35:50 Chemistry
35:01 Masonry
34:38 Arrowslits
36:05 Siege Engineers
35:48 Arrowslits
36:17 Paladin
38:44 Caravan
39:23 Conscription
41:19 Hoardings
47:48 Chain Barding Armor
47:39 Forging
47:19 Fletching
53:26 Plate Barding Armor
53:26 Iron Casting
52:47 Bodkin Arrow
55:40 Masonry
67:47 Blast Furnace
Sherdil
0:45 Loom
13:10 Feudal Age
20:55 Castle Age
20:36 Stone Mining
20:46 Gold Mining
20:45 Double-Bit Axe
20:42 Horse Collar
24:59 Caravan
29:18 Grand Trunk Road
29:38 Bow Saw
30:27 Heavy Plow
31:07 Wheelbarrow
30:57 Stone Mining
31:44 Gold Shaft Mining
37:34 Imperial Age
35:25 Fletching
36:05 Murder Holes
36:52 Hand Cart
39:26 Chemistry
38:54 Conscription
39:35 Thumb Ring
40:01 Padded Archer Armor
39:57 Bodkin Arrow
40:54 Shatagni
42:05 Leather Archer Armor
46:17 Ring Archer Armor
45:48 Bracer
54:40 Two-Man Saw
55:19 Ballistics
eric_the_red121
3:46 Loom
14:04 Feudal Age
14:35 Double-Bit Axe
14:33 Horse Collar
21:33 Castle Age
20:03 Man-at-Arms
20:29 Arson
22:20 Pikeman
23:01 Squires
24:49 Town Watch
25:29 Forging
25:10 Fletching
25:21 Scale Mail Armor
27:26 Bodkin Arrow
40:28 Iron Casting
40:08 Chain Mail Armor
39:41 Long Swordsman
45:04 Imperial Age
43:19 Town Patrol
43:59 Medium Warships
45:44 Scale Barding Armor
45:39 Padded Archer Armor
45:31 Elite Skirmisher
47:03 Bracer
48:05 Blast Furnace
46:33 Onager
47:19 Elite Berserk
50:24 Chemistry
49:46 Ballistics
48:50 Elite Longship
48:59 Two-Handed Swordsman
50:22 Plate Mail Armor
50:08 Leather Archer Armor
53:00 Champion
GRIBYCH59
7:52 Loom
13:34 Feudal Age
19:22 Castle Age
18:13 Gold Mining
21:40 Double-Bit Axe
24:35 Pikeman
27:02 Arson
27:18 Squires
27:01 Horse Collar
36:22 Imperial Age
34:14 Forging
34:04 Scale Mail Armor
35:16 Gold Shaft Mining
34:53 Bow Saw
35:30 Wheelbarrow
36:10 Heavy Plow
37:28 Iron Casting
37:08 Chain Mail Armor
37:32 Hand Cart
36:48 Elite Varangian Guard
38:21 Crop Rotation
38:46 Conscription
39:33 Plate Mail Armor
41:22 Chemistry
45:49 Logistica
58:12 Halberdier
Cameleon_
0:51 Loom
12:38 Feudal Age
13:42 Fishing Lines
14:01 Double-Bit Axe
14:45 Stone Mining
17:31 Castle Age
15:59 Horse Collar
16:10 Gold Mining
24:05 Fletching
25:22 Herbal Medicine
25:37 Fervor
25:26 Herbal Medicine
25:35 Squires
25:20 Arson
26:52 Gold Shaft Mining
26:53 Stone Shaft Mining
27:14 Wheelbarrow
28:31 Heavy Plow
28:50 Bow Saw
28:45 Bodkin Arrow
28:53 Scale Mail Armor
29:03 Forging
28:50 Gillnets
30:04 Hand Cart
30:27 Town Watch
31:32 Chain Mail Armor
31:52 Iron Casting
32:27 Medium Warships
32:48 Ballistics
32:24 Murder Holes
35:30 Imperial Age
33:01 Town Patrol
33:25 Masonry
33:09 Guard Tower
33:34 Caravan
35:03 Fortified Wall
34:59 Padded Archer Armor
37:04 Coinage
36:57 Leather Archer Armor
36:46 Great Wall
37:15 Conscription
38:10 Chemistry
37:41 Architecture
37:47 Keep
36:54 Sappers
38:55 Banking
39:50 Rocketry
39:39 Arrowslits
41:28 Two-Man Saw
41:31 Blast Furnace
41:01 Plate Mail Armor
40:47 Bracer
41:31 Ring Archer Armor
41:35 Clinker Construction
41:35 Careening
42:22 Plate Mail Armor
43:38 Elite Chu Ko Nu
43:45 Elite Fire Lancer
50:12 Bombard Tower
50:12 Dry Dock
52:47 Heavy Warships
70:02 Pikeman
gongyi528
Connection lost

Rejoining the realm…

Still unreachable

The connection could not be restored.

Session expired

The server has moved on; the page needs a fresh start.